 Dungeon Crawl Stone Soup version 0.31-a0-187-gba352fbbf7 (webtiles) character file.

Game seed: 18393337080517463813

266 qw the Skirmisher (level 6, 0/35 HPs)
             Began as a Deep Elf Hunter on June 22, 2023.
             Slain by an orc
             ... wielding a +1 mace of holy wrath
              (7 damage)
             ... on level 4 of the Dungeon.
             The game lasted 00:01:01 (2210 turns).

qw the Skirmisher (Deep Elf Hunter)                 Turns: 2210, Time: 00:01:02

Health: 0/35       AC:  5    Str: 10    XL:     6   Next: 0%
Magic:  8/8        EV: 11    Int: 14    God:
Gold:   204        SH:  0    Dex: 18    Spells: 5/5 levels left

rFire   . . .        Y - +0 shortbow
rCold   . . .        (shield currently unavailable)
rNeg    . . .        e - +0 ring mail
rPois   .            (no helmet)
rElec   .            (no cloak)
rCorr   .            (no gloves)
SInv    .            (no boots)
Will    +....        (no amulet)
Stlth   +            i - ring of willpower
HPRegen 0.25/turn    (no ring)
MPRegen 0.11/turn

%: no passive effects
@: no status effects
A: no striking features
a: no special abilities


You were on level 4 of the Dungeon.
You visited 1 branch of the dungeon, and saw 5 of its levels.

You collected 204 gold pieces.


   Skills:
 - Level 2.2 Fighting
 + Level 9.2 Ranged Weapons
 - Level 2.5 Dodging
 - Level 1.2 Stealth


You had 5 spell levels left.
You didn't know any spells.
Your spell library was empty.

Inventory:

Hand Weapons
 Y - a +0 shortbow (weapon)
Armour
 e - a +0 ring mail (worn)
Jewellery
 i - a ring of willpower (left hand)
Scrolls
 f - a scroll of identify
Potions
 d - a potion of curing
 g - a potion of enlightenment

Dungeon Overview and Level Annotations

Branches:
Dungeon (5/15)
 Temple: D:4-7

Altars:
Cheibriados
Gozag

Shops:
D:4 [


Message History

You shoot an arrow. The arrow hits the orc wizard.
The orc wizard is moderately wounded.
The orc barely misses you.
The orc wizard hits you with a +0 dagger.
The orc barely misses you. The hobgoblin hits you. The orc barely misses you.
The orc hits you with a +1 mace of holy wrath.
You shoot an arrow.
The arrow closely misses the orc wizard.
The orc hits you but does no damage.
The orc wizard points at you and mumbles some strange words.
The magic dart hits you. The hobgoblin hits you. The orc closely misses you.
The orc misses you. The orc barely misses you.
2206 ||| DRINKING potion of heal wounds.
You feel much better. The orc hits you but does no damage.
The orc wizard misses you. The orc hits you but does no damage.
The hobgoblin closely misses you. The orc closely misses you.
The orc hits you with a +1 mace of holy wrath.
You shoot an arrow. The arrow barely misses the orc wizard.
The orc misses you. The orc wizard closely misses you.
The orc closely misses you.
The hobgoblin hits you but does no damage.
The orc barely misses you. x2
You shoot an arrow. The arrow hits the orc wizard!
The orc wizard is almost dead.
The orc hits you with a +0 hand axe.
The orc wizard hits you but does no damage.
The orc hits you with a +0 dagger. The hobgoblin closely misses you.
The orc closely misses you. The orc barely misses you.
You shoot an arrow. The arrow hits the orc wizard!
You kill the orc wizard!
The orc hits you but does no damage. The orc hits you with a +0 club.
The hobgoblin hits you but does no damage.
The orc closely misses you. The orc barely misses you.
You have reached level 6!
You shoot an arrow. The arrow barely misses the orc.
The orc hits you with a +0 hand axe. The orc hits you but does no damage.
The orc hits you with a +0 club. The hobgoblin completely misses you.
The orc hits you with a +1 mace of holy wrath!
You die...

#........#
#####........
............
........... #
..........##.#
.............
......o)o.####.
......g@o......
......o......$.
...............
.........!.....
[......\.......
.##............
#.##.......#.
#. #.......#
#.......#


You could see 4 orcs and a hobgoblin.

Vanquished Creatures
  A sleepcap (D:4)
  Jessica (D:2)
  Natasha (twice) (D:2)
  An orc wizard (D:4)
  3 adders
  A worm (D:3)
  4 dart slugs
  7 orcs
  A bat (D:2)
  6 endoplasms
  7 giant cockroaches
  9 hobgoblins
  7 jackals
  8 kobolds
  3 quokkas
  8 ball pythons
  4 frilled lizards (D:1)
  11 goblins
  4 rats
88 creatures vanquished.

Notes
Turn   | Place    | Note
-------+----------+-------------------------------------------
     0 | D:1      | qw the Deep Elf Hunter began the quest for the Orb.
     0 | D:1      | Reached XP level 1. HP: 12/12 MP: 3/3
     0 | D:1      | 0 ||| qw: Version: 0.3-a-9-g12657ce
     0 | D:1      | 0 ||| qw: Game counter: 2683
     0 | D:1      | 0 ||| qw: Always use a shield: true
     0 | D:1      | 0 ||| qw: God list: Okawaru
     0 | D:1      | 0 ||| qw: Allow faded altars: false
     0 | D:1      | 0 ||| qw: Do Orc after D:15 true
     0 | D:1      | 0 ||| qw: Do second Lair branch before Depths: true
     0 | D:1      | 0 ||| qw: Lair rune preference: random
     0 | D:1      | 0 ||| qw: Plans: Normal
     0 | D:1      | 0 ||| PLANNING D:1-11
    83 | D:1      | Reached XP level 2. HP: 16/16 MP: 4/4
    88 | D:1      | Reached skill level 6 in Ranged Weapons
   215 | D:1      | HP: 4/16 [goblin/+0 club (4)]
   531 | D:1      | Reached XP level 3. HP: 20/20 MP: 5/5
   597 | D:1      | 597 ||| READING scroll labelled ADWOYJ XUDIGU.
   600 | D:1      | 600 ||| READING scroll labelled BEOBUXA VEBENO.
   601 | D:1      | 601 ||| DRINKING 2 dark potions.
   602 | D:1      | 602 ||| DROPPING scroll of butterflies.
   703 | D:2      | Reached skill level 7 in Ranged Weapons
   801 | D:2      | Reached XP level 4. HP: 23/25 MP: 6/6
  1009 | D:2      | Noticed Natasha
  1011 | D:2      | Noticed Jessica
  1014 | D:2      | Killed Natasha
  1021 | D:2      | Killed Jessica
  1022 | D:2      | Reached skill level 8 in Ranged Weapons
  1257 | D:2      | Noticed Natasha
  1260 | D:2      | Killed Natasha
  1261 | D:2      | Reached XP level 5. HP: 29/29 MP: 7/7
  1388 | D:2      | 1388 ||| UPGRADING to ring of willpower.
  1389 | D:2      | 1389 ||| READING scroll labelled PIM JASIVYMIASYHA.
  1390 | D:2      | 1390 ||| READING scroll labelled YSEWIWEREA.
  1441 | D:2      | 1441 ||| DRINKING 2 ruby potions.
  1442 | D:2      | 1442 ||| DROPPING potion of brilliance.
  1769 | D:3      | Found a snail-covered altar of Cheibriados.
  1933 | D:3      | Reached skill level 9 in Ranged Weapons
  2074 | D:3      | You fall into a shaft and drop 2 floors!
  2074 | D:5      | Entered Level 5 of the Dungeon
  2075 | D:5      | 2075 ||| UPGRADING to +0 ring mail.
  2085 | D:5      | 2085 ||| DROPPING +0 leather armour.
  2086 | D:5      | 2086 ||| READING 3 scrolls of identify.
  2086 | D:5      | 2086 ||| IDENTIFYING metallic black potion
  2087 | D:5      | 2087 ||| READING 2 scrolls of identify.
  2087 | D:5      | 2087 ||| IDENTIFYING white potion
  2088 | D:5      | 2088 ||| DROPPING potion of invisibility.
  2108 | D:4      | Found an opulent altar of Gozag.
  2129 | D:4      | 2129 ||| Stepping ~*~*~tactically~*~*~ (outnumbered).
  2132 | D:4      | 2132 ||| Stepping ~*~*~tactically~*~*~ (outnumbered).
  2191 | D:4      | HP: 5/30 [sleepcap (4)]
  2192 | D:4      | 2192 ||| READING scroll of teleportation.
  2193 | D:4      | 2193 ||| DRINKING 2 potions of heal wounds.
  2196 | D:4      | Found Fiacopoo's Armour Shoppe.
  2205 | D:4      | HP: 6/30 [orc wizard/magic dart (3)]
  2205 | D:4      | HP: 2/30 [hobgoblin (4)]
  2206 | D:4      | 2206 ||| DRINKING potion of heal wounds.
  2210 | D:4      | Reached XP level 6. HP: 14/35 MP: 8/8
  2210 | D:4      | HP: 7/35 [orc/+0 club (4)]
  2210 | D:4      | Slain by an orc

Levels and vault maps discovered:
D:1:      lightli_arrival_windingriver, layout_basic, minmay_pentomino_q2
D:2:      layout_basic, uniq_jessica, uniq_natasha
D:3:      layout_loops_ring, slow_altar_1
D:4:      layout_basic, mainiacjoe_overflow_brackets, serial_shops, shop,
          kennysheep_generic_room_14
D:5:      layout_loops_ring, lemuel_doored_altar, mainiacjoe_overflow_chevrons,
          lexackson_kobold_supper, uniq_prince_ribbit1

Skill      XL: |  1  2  3  4  5 |
---------------+----------------+-----
Ranged Weapons | 6 7 8 9 |  9.2
Fighting       | 2 |  2.2
Dodging        | |  2.5
Stealth        | |  1.2

Action                     |  1- 3 |  4- 6 || total
---------------------------+-------+-------++-------
   Fire: Shortbow          |   117 |   155 ||   272
    Use: Scroll            |     2 |     5 ||     7
         Potion            |     1 |     3 ||     4
 Armour: Leather armour    |     9 |     9 ||    18
         Ring mail         |       |    16 ||    16
  Dodge: Dodged            |    21 |    66 ||    87

Table legend:
 A = Non-vault XP
 B = Vault XP
 C = Vault XP percentage of total XP
 D = Non-vault monster count
 E = Vault monster count
 F = Vault count percentage of total count
                 A         B        C        D         E       F
            +---------+---------+-------+---------+---------+-------
      Total |     302 |      79 |  20.7 |      83 |       5 |   5.7
            +---------+---------+-------+---------+---------+-------
        D:1 |      44 |       2 |   4.3 |      24 |       2 |   7.7
        D:2 |     107 |      72 |  40.2 |      27 |       2 |   6.9
        D:3 |      49 |       5 |   9.3 |      22 |       1 |   4.3
        D:4 |     102 |       0 |   0.0 |      10 |       0 |   0.0
            +---------+---------+-------+---------+---------+-------
